 Dungeon Crawl Stone Soup version 0.19.0-24-gb05acd6 (webtiles) character file.

496 equalderp2856 the Scratcher (level 6, -2/28 HPs)
             Began as a Felid Fighter on Nov 21, 2016.
             Slain by a bullfrog (6 damage)
             ... on level 6 of the Dungeon.
             The game lasted 00:17:16 (6557 turns).

equalderp2856 the Scratcher (Felid Fighter)         Turns: 6557, Time: 00:17:17

Health: -2/28      AC:  2    Str: 11    XL:     6   Next: 93%
Magic:  7/7        EV: 21    Int: 10    God:
Gold:   340        SH:  5    Dex: 16    Spells: 0 memorised, 5 levels left
                                        Lives:  0   Deaths: 2

rFire  . . .     SeeInvis +       - Unarmed
rCold  . . .     Gourm    .     (armour unavailable)
rNeg   . . .     Faith    .     (shield unavailable)
rPois  .         Spirit   .     (helmet unavailable)
rElec  .         Reflect  +     (cloak unavailable)
rCorr  .         Harm     .     (gloves unavailable)
MR     .....                    (boots unavailable)
Stlth  +++.......               c - +5 amulet of reflection
                                (no ring)
                                l - -2 ring of strength (curse)

@: quick
A: no armour, no weapons or thrown items, stealth, claws 1, fangs 3, see
invisible, carnivore 3, speed 1, shaggy fur 2, slow metabolism 1, sharp paws
a: no special abilities


You were on level 6 of the Dungeon.
You were not hungry.

You visited 2 branches of the dungeon, and saw 7 of its levels.

You collected 340 gold pieces.

Inventory:

Missiles
 e - 47 arrows
 r - 5 poisoned needles
 D - 8 needles of confusion
 E - 8 curare-tipped needles
Jewellery
 c - a +5 amulet of reflection (around neck)
 l - a cursed -2 ring of strength (left paw)
 y - a +2 ring of intelligence {unknown}
Scrolls
 d - 3 scrolls of remove curse {unknown}
 g - a scroll of enchant weapon {unknown}
 h - a scroll of enchant armour {unknown}
 j - 2 scrolls of noise {unknown}
 k - 3 scrolls of identify {unknown}
 m - 2 scrolls of blinking {unknown}
 o - 4 scrolls of recharging {unknown}
 q - a scroll of amnesia {unknown}
 s - a scroll of magic mapping {unknown}
 u - a scroll of random uselessness {unknown}
 v - 2 scrolls of teleportation {unknown}
 F - a scroll of summoning {unknown}
Potions
 a - a potion of might
 f - a potion of lignification {unknown}
 i - a potion of heal wounds {unknown}
 n - 2 potions of degeneration {unknown}
 p - a potion of haste {unknown}
 t - a potion of agility {unknown}
 x - a potion of invisibility {unknown}
 z - a potion of brilliance {unknown}
 A - a potion of ambrosia {unknown}
 B - a potion of magic
 C - a potion of flight {unknown}
Comestibles
 b - 4 meat rations
 w - 2 slices of pizza
 G - 2 beef jerkies


   Skills:
 + Level 3.5 Fighting
 + Level 5.9 Dodging
 + Level 5.3 Stealth
 + Level 7.8 Unarmed Combat


You had 5 spell levels left.
You didn't know any spells.

Dungeon Overview and Level Annotations

Branches:
Dungeon (6/15)             Temple (1/1) D:4

Altars:
Ashenzari
Dithmenos
Elyvilon
Fedhas
Gozag
Hepliaklqana
Kikubaaqudgha
Makhleb
Nemelex Xobeh
Qazlal
Ru
Sif Muna
Trog
Vehumet
Xom
The Shining One
Lugonu


Innate Abilities, Weirdness & Mutations

You cannot wear armour.
You are incapable of wielding weapons or throwing items.
Your paws allow you to move quietly. (Stealth)
You have sharp claws.
You have razor-sharp teeth.
You have supernaturally acute eyesight. (SInv)
You are carnivorous and can eat meat at any time.
You cover ground quickly.
You are covered in thick fur. (AC +2)
You have a slow metabolism.
Your sharp claws are effective at attacking unaware monsters.


Message History

You block the centaur's attack. The bullfrog completely misses you.
You scratch the centaur but do no damage.
The centaur is almost dead.
The centaur misses you. The bullfrog closely misses you.
The centaur closely misses you.
Unknown command.
You scratch the centaur.
You kill the centaur!
You block the bullfrog's attack. The bullfrog misses you.
Found a bread ration and 2 silver javelins.
The bullfrog misses you.
You closely miss the bullfrog. The bullfrog misses you.
You scratch the bullfrog. Your claw misses the bullfrog.
The bullfrog is lightly wounded.
The bullfrog hits you.
* * * LOW HITPOINT WARNING * * *
It was a potion of magic.
Magic courses through your body. The bullfrog closely misses you.
The bullfrog hits you.
You die...

.## ##(.........
## ##(..........
##.........###
##.........###
##..(#........####
#...###..........#
##..##
##.........##
##..##
##...F....%##
##..##
##..@....(.#
##..## #.........#
#..## ##.......##
..## ##......# .##
##.....# ## #....#
# #####


You could see a bullfrog.

Vanquished Creatures
  An ice beast (D:4)
  A centaur (D:6)
  A bullfrog (D:5)
  A howler monkey (D:4)
  A quasit (D:5)
  3 hounds
  A bullfrog skeleton (D:4)
  A jelly (D:5)
  An orc priest (D:3)
  An iguana (D:4)
  An orc wizard (D:5)
  3 worker ants
  3 gnolls (D:5)
  A worker ant zombie (D:6)
  5 adders
  2 shadow imps
  2 oozes
  3 worms
  A dart slug (D:2)
  3 leopard geckos
  14 orcs
  6 bats
  4 giant cockroaches
  11 goblins
  10 hobgoblins
  10 jackals
  3 kobolds
  6 frilled lizards
  A leopard gecko skeleton (D:4)
  A quokka zombie (D:5)
  5 rats
107 creatures vanquished.

Vanquished Creatures (others)
  A quokka (D:5)
1 creature vanquished.

Grand Total: 108 creatures vanquished

Notes
Turn   | Place    | Note
-------+----------+-------------------------------------------
     0 | D:1      | equalderp2856 the Felid Fighter began the quest for the Orb.
     0 | D:1      | Reached XP level 1. HP: 10/10 MP: 2/2
   461 | D:1      | Reached XP level 2. HP: 6/14 MP: 3/3
  1220 | D:2      | Found a faded altar of an unknown god.
  1293 | D:2      | Reached XP level 3. HP: 17/17 MP: 4/4
  1505 | D:2      | Reached skill level 1 in Stealth
  2155 | D:3      | Reached skill level 5 in Unarmed Combat
  2216 | D:3      | Reached XP level 4. HP: 15/21 MP: 5/5
  2454 | D:3      | Found a burning altar of Makhleb.
  2458 | D:3      | Found a stormy altar of Qazlal.
  3160 | D:3      | Killed from afar by an orc priest
  3161 | D:3      | Reached XP level 3. HP: -6/17 MP: 4/4
  3187 | D:3      | Reached XP level 4. HP: 21/21 MP: 5/5
  3488 | D:2      | Found a shattered altar of Ashenzari.
  3647 | D:4      | Found a staircase to the Ecumenical Temple.
  3653 | D:4      | Noticed an ice beast
  3674 | D:4      | Killed an ice beast
  3674 | D:4      | Reached skill level 6 in Unarmed Combat
  3674 | D:4      | Reached XP level 5. HP: 22/24 MP: 6/6
  3695 | D:4      | Reached skill level 5 in Dodging
  3695 | D:4      | Gained mutation: You are covered in thick fur. (AC +2) [Felid growth]
  3695 | D:4      | Reached XP level 6. HP: 20/28 MP: 7/7
  3706 | Temple   | Entered the Ecumenical Temple
  3944 | D:4      | Found a shadowy altar of Dithmenos.
  4637 | D:5      | Entered Level 5 of the Dungeon
  4660 | D:5      | Reached skill level 7 in Unarmed Combat
  4815 | D:5      | Found an ancient bone altar of Kikubaaqudgha.
  4945 | D:5      | Found a hazy altar of Hepliaklqana.
  4967 | D:5      | Reached XP level 7. HP: 31/31 MP: 8/8
  4985 | D:5      | Reached skill level 5 in Stealth
  5014 | D:5      | Mangled by a gnoll
  5015 | D:5      | Reached XP level 6. HP: -7/28 MP: 7/7
  5202 | D:5      | Found a sparkling altar of Nemelex Xobeh.
  5547 | D:5      | Found a sacrificial altar of Ru.
  5763 | D:6      | Found a shadowy altar of Dithmenos.
  5960 | D:6      | Found a blossoming altar of Fedhas.
  6044 | D:6      | Found a radiant altar of Vehumet.
  6557 | D:6      | Slain by a bullfrog

Skill      XL: |  1  2  3  4  5  6  7 |
---------------+----------------------+-----
Stealth        | 1 3 4 5 |  5.3
Unarmed Combat | 5 6 7 |  7.8
Dodging        | 5 |  5.9
Fighting       | |  3.5

Action                   |  1- 3 |  4- 6 |  7- 9 || total
-------------------------+-------+-------+-------++-------
Melee: Unarmed           |   108 |   193 |    23 ||   324
       Bite              |     4 |    20 |     3 ||    27
       Punch             |       |     3 |     2 ||     5
  Use: Potion            |       |     1 |       ||     1
 Stab: Sleeping          |     3 |     9 |       ||    12
       Paralysed         |       |     1 |       ||     1
  Eat: Chunk             |    10 |     9 |       ||    19
Armor: Skin              |     3 |     5 |     8 ||    16
Dodge: Dodged            |    86 |    99 |    33 ||   218
Block: Other             |     9 |    34 |    11 ||    54
       Reflection        |       |     2 |       ||     2
